Map: Tourmaline LE

Players

RUSHman - Winner!

  • Race: Terran Terran
  • League: Diamond
  • Spawn Location: 1:00

HoldTheDoor

  • Race: Protoss Protoss
  • League: Diamond
  • Spawn Location: 7:00

VOD

Have the link to the VOD?

Description

Time

  • Played on: May 2, 2026, 2:26 p.m.
  • Length: 7:33
Show
View Real Time Build Order
Export as new Build Order

RUSHman Terran - Winner!

Build Orders:  

Get SALT Encoding   

  12  0:00  SCV  
  13  0:12  SCV  
  14  0:17  Supply Depot  
  14  0:25  SCV  
  15  0:40  Barracks  
  15  0:41  SCV  
  16  0:55  SCV, Refinery  
  17  1:00  Refinery  
  17  1:07  SCV  
  18  1:22  SCV  
  19  1:29  Supply Depot, Marine  
  20  1:34  Orbital Command  
  20  1:48  Marine  
  20  1:53  Bunker  
  21  2:06  Marine  
  22  2:13  Factory  
  22  2:15  SCV  
  23  2:21  Supply Depot  
  23  2:23  Marine  
  23  2:44  Barracks Reactor  
  23  2:49  Barracks, SCV  
  23  2:50  Barracks  
  24  2:59  Factory Tech Lab  
  24  3:01  SCV  
  24  3:02  Starport  
  25  3:13  SCV  
  25  3:17  Siege Tank  
  29  3:23  Marine  
  29  3:24  Marine  
  29  3:25  SCV  
  32  3:35  Engineering Bay  
  32  3:38  Barracks Tech Lab  
  32  3:41  Barracks Tech Lab  
  32  3:43  Starport Reactor  
  32  3:51  Siege Tank  
  35  3:58  Supply Depot  
  35  4:04  Bunker  
  34  4:13  Marine  
  34  4:14  Combat Shield  
  34  4:17  SCV  
  33  4:39  Siege Tank  
  36  4:54  Marine x2  
  36  4:56  Liberator  
  36  4:57  SCV  
  42  5:00  Supply Depot  
  42  5:02  Marine x2  
  44  5:12  Marine  
  45  5:18  Bunker  
  45  5:23  Marine x2  
  45  5:25  Stimpack  
  42  5:41  Siege Tank  
  40  5:57  Marine x2  
  40  5:59  Marauder  
  40  6:00  Marauder  
  40  6:03  Supply Depot  
  46  6:14  Marine  
  46  6:15  Marine  
  48  6:20  Marine x2  
  48  6:24  Concussive Shells  
  50  6:30  Supply Depot  
  50  6:32  Marine x2  
  50  6:39  Marauder x2  
  56  6:50  Marine x2  
  56  6:52  Siege Tank  
  52  7:01  Marine x2  
Show
View Real Time Build Order
Export as new Build Order

HoldTheDoor Protoss 

Build Orders: 1 Gate Expand 

Get SALT Encoding   

  12  0:00  Probe  
  13  0:12  Probe  
  14  0:16  Pylon  
  14  0:23  Probe  
  15  0:31  Probe  
  15  0:38  Gateway  
  15  0:40  Probe  
  17  0:50  Assimilator  
  17  0:51  Probe  
  18  1:02  Pylon  
  18  1:03  Probe  
  19  1:26  Cybernetics Core  
  19  1:35  Nexus  
  19  1:36  Probe  
  20  1:44  Assimilator  
  20  1:50  Pylon  
  20  1:52  Probe  
  21  1:56  Adept  
  21  2:08  Probe  
  24  2:20  Probe  
  25  2:32  Probe  
  26  2:41  Warp Gate  
  26  2:45  Shield Battery  
  26  2:46  Sentry  
  26  2:49  Probe  
  29  2:59  Gateway  
  30  3:05  Probe  
  30  3:10  Adept  
  32  3:31  Probe  
  33  3:35  Shield Battery  
  33  3:38  Pylon  
  33  3:45  Adept  
  33  3:47  Adept  
  37  3:49  Probe x2  
  39  3:57  Robotics Facility  
  39  4:01  Probe  
  32  4:39  Adept  
  32  4:40  Adept  
  36  4:46  Immortal  
  40  5:02  Stalker x2  
  40  5:05  Probe  
  45  5:08  Shield Battery  
  45  5:10  Pylon  
  45  5:18  Immortal  
  45  5:21  Pylon  
  43  5:48  Stalker  
  43  5:49  Stalker  
  47  6:00  Immortal  
  51  6:04  Stargate  
  51  6:13  Sentry  
  51  6:15  Stalker  
  55  6:24  Probe x2  
  57  6:34  Gateway  
  57  6:37  Zealot  
  57  6:38  Zealot  
  61  6:40  Gateway  
  61  6:44  Gateway  
  59  6:47  Pylon  
  59  6:52  Pylon  
  39  7:02  Adept x2  
  37  7:22  Adept x2  
Tags
 
Add a new tag
Caveats
  • Supply blocks, unpowered buildings, or Contaminate may cause inaccurate times.
  • Supply counts are checked every 10 seconds.